 Dungeon Crawl Stone Soup version 0.30.0-15-g856e2d3f33 (webtiles) character file.

Game seed: 18269611931461084627

214556 Jackthecabe the Impassioned (level 19, -7/124 HPs)
             Began as a Kobold Brigand on May 18, 2023.
             Was a Believer of Uskayaw.
             Mangled by a shambling mangrove (30 damage)
             ... on level 3 of the Swamp.
             The game lasted 01:38:33 (37970 turns).

Jackthecabe the Impassioned (Kobold Brigand)       Turns: 37970, Time: 01:38:34

Health: -7/124     AC: 17    Str: 10    XL:     19   Next: 72%
Magic:  40/41      EV: 26    Int: 15    God:    Uskayaw [**....]
Gold:   830        SH:  8    Dex: 25    Spells: 7/18 levels left

rFire   + . .        b - +9 rapier (elec)
rCold   + . .        E - +3 buckler {AC+3}
rNeg    + + .        G - +4 leather armour of Sandy Awe {Fly rN+ Int+2}
rPois   +            k - +2 hat {Will+}
rElec   +            W - scarf {shadows}
rCorr   .            S - +1 pair of gloves
SInv    .            p - +1 pair of boots
Will    +++..        K - amulet of regeneration
Stlth   ++++++++     M - ring "Vubelem" {Drain rPois Will+ MP+9 Dex+3}
HPRegen 1.20/turn    Y - ring of the Crushed Wonders {rElec rF+ rC+ rN+}
MPRegen 0.27/turn

%: no passive effects
@: flying
A: small, no large weapons, nightstalker 3
}: 1/15 runes: serpentine
a: Renounce Religion, Stomp, Line Pass


You were on level 3 of the Swamp.
You worshipped Uskayaw.
Uskayaw was most pleased with you.
You visited 6 branches of the dungeon, and saw 30 of its levels.
You also visited: Ossuary and Ice Cave.

You collected 3321 gold pieces.
You spent 2491 gold pieces at shops.

Inventory:

Hand Weapons
 a - the +4 quick blade "Uluad" {freeze, rPois rF+ Will+}
   (You acquired it on level 13 of the Dungeon)

   rF:        It protects you from fire.
   rPois:     It protects you from poison.
   Will:      It increases your willpower.
 b - a +9 rapier of electrocution (weapon)
   (You found it on level 6 of the Dungeon)
Missiles
 d - 72 poisoned darts (quivered)
 e - 15 curare-tipped darts
 Q - 3 throwing nets {=f, !d}
Armour
 k - a +2 hat of willpower (worn)
   (You bought it in a shop on level 1 of the Dungeon)
 o - a +1 kite shield of poison resistance
   (You took it off a naga warrior on level 4 of the Snake Pit)
 p - a +1 pair of boots (worn)
   (You found it on level 15 of the Dungeon)
 E - a +3 buckler of protection (worn)
   (You took it off a tengu conjurer on level 14 of the Dungeon)
 G - the +4 leather armour of Sandy Awe (worn) {Fly rN+ Int+2}
   (You bought it in a shop on level 1 of the Dungeon)

   Int:       It affects your intelligence (+2).
   rN:        It protects you from negative energy.
   Fly:       It grants you flight.
 S - a +1 pair of gloves (worn)
   (You bought it in a shop on level 9 of the Dungeon)
 W - a scarf of shadows (worn)
   (You found it on level 15 of the Dungeon)
Jewellery
 c - the ring of the Philosopher {rElec rF+ MP-9 Int+6 Stlth+}
   (You found it on level 3 of the Swamp)

   [ring of protection from fire]

   Int:       It affects your intelligence (+6).
   rF:        It protects you from fire.
   rElec:     It insulates you from electricity.
   MP:        It affects your magic capacity (-9).
   Stlth:     It makes you more stealthy.
 D - a +5 ring of evasion
   (You found it on level 3 of the Snake Pit)
 K - an amulet of regeneration (around neck)
   (You took it off an orc on level 6 of the Dungeon)
 M - the ring "Vubelem" (left hand) {Drain rPois Will+ MP+9 Dex+3}
   (You bought it in a shop on level 1 of the Snake Pit)

   [ring of magical power]

   Dex:       It affects your dexterity (+3).
   rPois:     It protects you from poison.
   MP:        It affects your magic capacity (+9).
   Drain:     It drains your maximum health when unequipped.
   Will:      It increases your willpower.
 X - a ring of willpower
   (You found it on level 9 of the Dungeon)
 Y - the ring of the Crushed Wonders (right hand) {rElec rF+ rC+ rN+}
   (You found it on level 9 of the Dungeon)

   [ring of positive energy]

   rF:        It protects you from fire.
   rC:        It protects you from cold.
   rElec:     It insulates you from electricity.
   rN:        It protects you from negative energy.
Wands
 i - a wand of polymorph (24)
   (You found it in an ice cave)
 t - a wand of iceblast (10)
   (You found it on level 1 of the Swamp)
 y - a wand of digging (11)
   (You took it off Terence on level 3 of the Dungeon)
 L - a wand of mindburst (26)
   (You found it on level 6 of the Dungeon)
 N - a wand of quicksilver (16)
   (You found it on level 6 of the Dungeon)
 U - a wand of paralysis (31)
   (You found it on level 8 of the Dungeon)
 V - a wand of flame (37)
   (You found it on level 8 of the Dungeon)
Scrolls
 h - 3 scrolls of silence
 j - a scroll of blinking {!r!d}
 l - 14 scrolls of teleportation {!r!d, @r3}
 n - 3 scrolls of butterflies
 q - 9 scrolls of immolation {!r}
 r - 4 scrolls of fog
 u - a scroll of enchant weapon
 w - 3 scrolls of vulnerability {!r!r}
 x - a scroll of brand weapon
 B - 3 scrolls of magic mapping {!r}
 C - 2 scrolls of fear
 O - 6 scrolls of poison {!r}
 Z - 4 scrolls of amnesia
Potions
 f - 3 potions of invisibility
 g - 7 potions of flight
 m - 8 potions of ambrosia
 s - 6 potions of brilliance
 v - 4 potions of cancellation
 z - 2 potions of magic
 A - a potion of resistance
 F - 5 potions of haste
 H - 3 potions of might
 I - 6 potions of attraction {!q}
 J - 7 potions of berserk rage {!q}
 P - 10 potions of curing {@q1, !d}
Miscellaneous
 R - a phial of floods (inert)
   (You found it in an ice cave)


   Skills:
 - Level 15.0 Fighting
 - Level 14.0 Short Blades
 - Level 4.0 Throwing
 + Level 7.6 Armour
 - Level 13.0 Dodging
 - Level 17.0 Stealth
 - Level 15.0 Translocations
 - Level 8.0 Transmutations
 - Level 8.0 Earth Magic
 - Level 18.0 Invocations
 - Level 4.0 Evocations


You had 7 spell levels left.
You knew the following spells:

 Your Spells              Type           Power      Damage    Failure   Level
a - Dispersal             Tloc           22%        N/A       17%         6
g - Apportation           Tloc           90%        N/A       1%          1
w - Passwall              Tmut/Erth      20%        N/A       3%          2
B - Blink                 Tloc           90%        N/A       1%          2

Your spell library contained the following spells:

 Spells                   Type           Power      Damage    Failure   Level
 Beastly Appendage        Tmut           48%        N/A       1%          1
 Sandblast                Erth           48%        2d12      1%          1
 Lesser Beckoning         Tloc           90%        N/A       1%          2
 Manifold Assault         Tloc           45%        N/A       1%          4
 Passage of Golubria      Tloc           45%        N/A       1%          4
 Momentum Strike          Conj/Tloc      44%        3d9       3%          2
 Wereblood                Tmut           24%        N/A       3%          2
 Portal Projectile        Hex/Tloc       44%        N/A       8%          3
 Spider Form              Tmut/Pois      12%        N/A       30%         3
 Stone Arrow              Conj/Erth      24%        3d8       30%         3
 Magic Dart               Conj           0%         1d3       47%         1
 Summon Small Mammal      Summ           0%         N/A       47%         1
 Blade Hands              Tmut           12%        N/A       50%         5
 Poisonous Vapours        Pois/Air       0%         N/A       63%         2
 Searing Ray              Conj           0%         2d4       63%         2
 Static Discharge         Conj/Air       0%         2-2/arc   63%         2
 Ice Form                 Ice/Tmut       12%        N/A       71%         4
 Leda's Liquefaction      Hex/Erth       6%         N/A       71%         4
 Call Canine Familiar     Summ           0%         N/A       85%         3
 Inner Flame              Hex/Fire       0%         N/A       85%         3
 Mephitic Cloud           Conj/Pois/Air  0%         N/A       85%         3
 Ozocubu's Armour         Ice            0%         N/A       85%         3
 Summon Guardian Golem    Hex/Summ       0%         N/A       85%         3
 Tukima's Dance           Hex            0%         N/A       85%         3
 Alistair's Intoxication  Tmut/Pois      8%         N/A       96%         5
 Irradiate                Conj/Tmut      6%         3d13      96%         5
 Yara's Violent Unravell  Hex/Tmut       6%         3d5       96%         5
 Airstrike                Air            0%         2d(0-16)  99%         4
 Flame Wave               Conj/Fire      0%         2d4       99%         4
 Fulminant Prism          Conj/Hex       0%         3d5       99%         4
 Sticky Flame             Conj/Fire      0%         2d3       99%         4
 Summon Lightning Spire   Summ/Air       0%         N/A       99%         4
 Freezing Cloud           Conj/Ice/Air   0%         6-21      100%        5
 Metabolic Englaciation   Hex/Ice        0%         N/A       100%        5
 Simulacrum               Ice/Necr       0%         N/A       100%        6
 Dragon Form              Tmut           12%        N/A       100%        7
 Ozocubu's Refrigeration  Ice            0%         4d7       100%        7
 Disjunction              Tloc           22%        N/A       100%        8
 Polar Vortex             Ice            0%         N/A       100%        9


Dungeon Overview and Level Annotations

Branches:
Dungeon (15/15)            Temple (1/1) D:6            Lair (5/5) D:9
  Swamp (3/4) Lair:3        Snake (4/4) Lair:3        Slime (0/5) Lair:4
    Orc (2/2) D:10            Elf (0/3) Orc:2        Vaults (0/5) D:13
 Depths (0/4) D:15        Ossuary (visited)           IceCv (visited)

Altars:
Ashenzari
Cheibriados
Dithmenos
Elyvilon
Fedhas
Gozag
Hepliaklqana
Kikubaaqudgha
Makhleb
Nemelex Xobeh
Okawaru
Qazlal
Ru
Sif Muna
Trog
Uskayaw
Vehumet
Wu Jian
Xom
Yredelemnul
Zin
The Shining One

Shops:
D:1 [   D:5 !   D:9 [?*=   Orc:2 (:[*   Snake:1 *   Snake:2 =!   Snake:3 ::=*

Annotations:
D:4 Sigmund
D:8 1 transporter
D:9 2 transporters
D:15 3 runed translucent doors, Gipsust's ghost, adept DECj


Innate Abilities, Weirdness & Mutations

You are small and have problems with some larger weapons.
You are completely attuned to the shadows.


Message History

You hit the alligator. You hit the alligator.
Lightning courses through the alligator!!
The bunyip completely misses you. x2
The bunyip claws you but does no damage.
The alligator completely misses you. You block the alligator's attack.
You can now merge with and destroy a victim.
You hit the alligator but do no damage. You block the alligator's attack.
The alligator tail-slaps you.
You take 3 damage, and have 121/124 hp.
Aiming: Line Pass
Okay, then.
Casting: Passwall (safe; 3% risk of failure)
You don't know that spell.
Aiming: Grand Finale
Aim: a bunyip The bunyip explodes violently!!!!
You blow up the bunyip!
You can no longer merge with and destroy a victim.
The alligator puts on a burst of speed!
You now have 33/41 mp.
You puncture the alligator! You block the alligator's attack.
The alligator tail-slaps you.
You take 2 damage, and have 120/124 hp.
You barely miss the alligator. The alligator bites you.
The alligator completely misses you.
You take 2 damage, and have 118/124 hp.
You hit the alligator. You puncture the alligator!
Lightning courses through the alligator!
The alligator barely misses you.
The alligator tail-slaps you but does no damage.
You can now pass through a line of other dancers.
You puncture the alligator!
You kill the alligator!
No target in view!
A shambling mangrove comes into view.
Health restored: 124 You regained 2 mp, and now have 36/41 mp.
A shambling mangrove is nearby!
A shambling mangrove is nearby!
The shambling mangrove completely misses you.
You hit the shambling mangrove but do no damage.
The shambling mangrove hits you!!
You take 25 damage, and have 99/124 hp.
MASSIVE DAMAGE!!
You puncture the shambling mangrove! You hit the shambling mangrove.
The shambling mangrove hits you but does no damage.
You hit the shambling mangrove but do no damage.
You puncture the shambling mangrove!
You hit the shambling mangrove but do no damage.
The shambling mangrove misses you.
You hit the shambling mangrove but do no damage.
You puncture the shambling mangrove!
Roots burst forth from the earth!
The grasping roots grab you! The grasping roots constrict you!
You take 14 damage, and have 90/124 hp.
You hit the shambling mangrove. You puncture the shambling mangrove!
Angry insects surge out from beneath the shambling mangrove's foliage!
The shambling mangrove misses you. The grasping roots constrict you.
You can now pass through a line of other dancers.
You hit the shambling mangrove but do no damage.
You hit the shambling mangrove. The hornet completely misses you.
A hornet comes into view.
The shambling mangrove barely misses you.
The grasping roots constrict you!
You take 15 damage, and have 77/124 hp.
You puncture the shambling mangrove! The hornet completely misses you.
You block the hornet's attack.
You barely miss the hornet. The hornet closely misses you.
You block the hornet's attack. The shambling mangrove misses you.
The grasping roots constrict you!
You take 13 damage, and have 65/124 hp.
You hit the shambling mangrove but do no damage.
The hornet closely misses you. You block the hornet's attack.
Unknown command.
You hit the shambling mangrove. The hornet misses you.
Unknown command.
You hit the shambling mangrove. You block the hornet's attack.
You block the shambling mangrove's attack.
The grasping roots constrict you. The hornet misses you.
You take 5 damage, and have 62/124 hp.
You puncture the shambling mangrove!
Lightning courses through the shambling mangrove!
The hornet stings you but does no damage.
You hit the shambling mangrove but do no damage.
The hornet misses you. The hornet completely misses you.
The shambling mangrove hits you!!
* * * LOW HITPOINT WARNING * * *
The grasping roots constrict you!
* * * LOW HITPOINT WARNING * * *
You take 41 damage, and have 22/124 hp.
MASSIVE DAMAGE!!
You are too injured to fight recklessly!
Unknown command.
Unknown command.
You escape the roots grasp.
The hornet misses you. The shambling mangrove hits you!!
You die...

~~♣.##♣..♣.♣.
~~..#~..~.~~~
~~~~~~....♣♣~~~.
.~§~~~.#.P.~~~~~
.~)~~~...~♣P~~§♣ ~~..~♣♣♣
♣.†§~..#...~.~.~ ~~~~~~.♣
♣~.§~[..#♣P...♣.
~~~~.~~♣♣♣.~~~~...#~...♣.
?~)~...♣@~.~~~~~..##♣...♣
~.†.~..yf♣♣.........#....
.~~~~.~♣~♣♣. ..~~~.......
~§~~~..~..~.~~§~~b§~~.♣.~
..~~~.....~~~§~~~~~.~~.~
.~..~...~~~~§~~..~~~.~.
§♣♣♣♣♣.§~~~~~...♣.~~~~.
♣~~~~~~.♣~♣♣~.....
♣§~.~~~~♣♣♣♣♣♣♣~♣♣


You could see a shambling mangrove and a hornet.

Vanquished Creatures
  A shard shrike (IceCv)
  A tengu reaver (D:13)
  2 thorn hunters (Swamp:2 Swamp:3)
  4 nagarajas (Snake:3 Snake:4)
  2 fenstrider witches (Swamp:3 Swamp:2)
  Louise (Snake:4)
  2 orc warlords (Orc:2)
  2 eleionomae (Swamp:1 Swamp:2)
  A white draconian (IceCv)
  4 bunyips (Swamp:1 Swamp:2 Swamp:3)
  Josephine (D:11)
  A yaktaur captain (D:13)
  3 catoblepae (Lair:5)
  Erolcha (D:10)
  An ice dragon (IceCv)
  A ghost crab (Swamp:2)
  11 hydras (Lair:4 Lair:5 D:13 D:14 D:15)
  4 salamander tyrants (Snake:4)
  5 anacondas (Snake:3 Snake:4)
  7 ironbound frosthearts (IceCv)
  4 centaur warriors (D:13 D:14 D:15)
  8 two-headed ogres (D:9 D:11 Orc:1 D:12 D:13)
  4 boulder beetles (D:11 D:14 D:15)
  8 alligators (Swamp:1 Swamp:2 Swamp:3)
  6 death yaks (Lair:5)
  17 naga warriors (Snake:2 Snake:4)
  6 orc high priests (Orc:1 Orc:2)
  4 tengu warriors (D:14 D:15)
  5 shock serpents (Snake:1 Snake:2 Snake:3 Snake:4)
  Urug (Lair:5)
  Sonja (Lair:5)
  20 naga sharpshooters (Snake:2 Snake:3 Snake:4)
  5 skeletal warriors (D:14)
  2 skysharks (Lair:3 Lair:4)
  2 salamander mystics (Snake:4)
  4 goliath frogs (Swamp:1 Swamp:3 Swamp:2)
  3 spriggan druids (Swamp:1 Swamp:2 Swamp:3)
  4 naga ritualists (Snake:1 Snake:3 Snake:4)
  3 swamp dragons (Swamp:1 Swamp:2)
  An orange crystal statue (IceCv)
  6 bog bodies (Swamp:1 Swamp:3 Swamp:2)
  4 orc knights (Orc:2)
  2 wizards (D:15)
  2 deep elf pyromancers (D:12 D:15)
  A necromancer (D:15)
  5 manticores (D:11 Lair:5 D:13 D:14)
  A deep elf zephyrmancer (D:15)
  A wolf spider zombie (D:15)
  A wolf spider (D:15)
  3 cyclopes (D:13 D:14 D:15)
  9 orc sorcerers (Orc:1 Orc:2)
  9 mana vipers (Snake:1 Snake:2 Snake:4)
  23 ugly things (D:12 D:13 D:14 IceCv D:15)
  13 salamanders (Snake:2 Snake:3 Snake:4)
  3 will-o-the-wisps (Swamp:1 Swamp:2 Swamp:3)
  8 elephants (Lair:1 Lair:2 Lair:4)
  27 naga magi (Snake:1 Snake:2 Snake:3 Snake:4)
  3 guardian serpents (Snake:4)
  35 black mambas (Lair:2 Lair:4 Lair:5 Snake:1 Snake:2)
  13 cane toads (Lair:1 Lair:2 Lair:3 Lair:4 Lair:5)
  2 centaur skeletons (D:15)
  An unseen horror (shapeshifter) (D:15)
  An unseen horror (D:12)
  5 kobold demonologists (D:9 D:10 D:13)
  27 rime drakes (Lair:3 Lair:4 IceCv)
  4 yaktaurs (D:13 D:15)
  2 gargoyles (D:11 D:13)
  10 komodo dragons (Lair:2 Lair:3 Lair:4 Lair:5 D:12)
  A queen bee (D:12)
  5 tengu conjurers (D:14 D:15)
  3 meliai (D:12)
  5 tyrant leeches (Swamp:1 Swamp:2 Swamp:3)
  4 trolls (D:9 Orc:2 D:13)
  A meliai (shapeshifter) (D:15)
  10 polar bears (Lair:3 IceCv)
  12 blink frogs (Lair:3 Lair:4 Lair:5)
  7 hornets (D:6 D:8 Swamp:1 Swamp:3)
  Grinder (D:4)
  A shadow (D:13)
  5 spriggans (Swamp:1 Swamp:3)
  A centaur simulacrum (D:15)
  3 wyverns (D:9 Lair:4 Lair:5)
  65 yaks (D:5 D:9 D:12 D:10 Lair:1)
  10 slime creatures (D:12 D:13)
  5 wraiths (Ossuary D:9 D:11)
  2 vampires (D:12 D:14)
  2 steam dragons (D:8)
  4 basilisks (Lair:2 D:14 D:15)
  3 wargs (Orc:1 Orc:2)
  19 vampire mosquitoes (D:12 D:11 D:13 Swamp:2)
  48 nagas (Lair:3 Snake:1 Snake:2 Snake:3 Snake:4)
  8 swamp worms (Swamp:1 Swamp:2 Swamp:3)
  2 acid dragons (D:10 D:13)
  18 water moccasins (D:6 D:7 Lair:1 Lair:2 Lair:3)
  Duvessa (D:6)
  A meliai simulacrum (D:12)
  44 orc warriors (D:7 D:8 D:9 D:10 D:12)
  2 swamp drakes (Lair:3 Swamp:1)
  An ice beast (D:7)
  5 black bears (D:5 D:8 D:9 Lair:3 Lair:4)
  5 ogres (D:4 Orc:2 Orc:1)
  9 wolves (Lair:2 Lair:5)
  10 centaurs (D:8 D:12 D:14)
  7 kobold brigands (D:7 D:8 D:10 D:3)
  Blork the orc (D:5)
  11 bullfrogs (D:6 D:8 D:9 Lair:1 Lair:2)
  5 scorpions (D:5 D:8)
  6 wights (D:6 D:10)
  Dowan (D:6)
  27 killer bees (D:9 D:12)
  The ghost of JobberGirl the Sneak, a weakling HuBr (D:3)
  9 howler monkeys (D:6 D:8 D:12 D:10 D:14)
  25 orc priests (D:6 D:9 D:12 D:10 D:3)
  3 hounds (D:5 D:6)
  A gnoll bouda (D:7)
  Crazy Yiuf (D:2)
  Jessica (D:3)
  3 iguanas (D:4 D:7 D:8)
  Ijyb (D:3)
  Natasha (thrice) (D:3)
  Terence (D:3)
  A sleepcap (D:7)
  33 orc wizards (D:4 D:6 D:7 D:10 D:12)
  A mummy (Ossuary)
  Robin (D:3)
  9 gnolls (D:7)
  A river rat (Lair:3)
  5 adders (D:2 D:3 D:4 D:5)
  A shadow imp (D:5)
  A white imp (D:7)
  An ufetubus (D:7)
  3 worms (D:2 D:4)
  7 dart slugs (D:1 D:2 D:4 D:5)
  94 orcs (D:4 D:3 D:5 D:6 D:7)
  3 ball pythons (D:2 D:3 D:4)
  6 bats (D:1 D:2 D:3)
  5 endoplasms (D:1 D:2 D:3)
  3 giant cockroaches (D:2 D:3)
  21 goblins (D:1 D:3 D:2)
  5 hobgoblins (D:1 D:2 D:4)
  10 jackals (D:1 D:3 D:5)
  A quokka (D:5)
  2 frilled lizards (D:1 D:2)
  6 gnoll skeletons (Ossuary)
  A goblin zombie (D:8)
  36 kobolds (D:1 D:2 D:4 D:7 D:8)
  5 kobold skeletons (Ossuary)
  14 orc skeletons (Ossuary)
  An orc zombie (D:8)
  4 rats (D:1 D:2 D:3)
  2 butterflies (Lair:4)
1097 creatures vanquished.

Vanquished Creatures (others)
  A vampire mosquito (D:12)
  An iguana (Lair:3)
  An orc wizard (Orc:2)
  3 orcs (Orc:1)
6 creatures vanquished.

Grand Total: 1103 creatures vanquished

Notes
Turn   | Place    | Note
-------+----------+-------------------------------------------
     0 | D:1      | Jackthecabe the Kobold Brigand began the quest for the Orb.
     0 | D:1      | Reached XP level 1. HP: 12/12 MP: 1/1
   218 | D:1      | Found Rilypasa's Antique Armour Boutique.
   226 | D:1      | Reached skill level 3 in Short Blades
   351 | D:1      | Found a faded altar of an unknown god.
   434 | D:1      | Reached XP level 2. HP: 17/17 MP: 2/2
   449 | D:1      | Reached skill level 4 in Short Blades
   748 | D:1      | Reached XP level 3. HP: 21/21 MP: 3/3
  1416 | D:2      | Reached skill level 5 in Short Blades
  1580 | D:2      | Reached XP level 4. HP: 22/26 MP: 4/4
  2137 | D:2      | Found a runed translucent door.
  2140 | D:2      | Noticed Crazy Yiuf
  2157 | D:3      | Noticed Robin
  2297 | D:3      | Found a white marble altar of Elyvilon.
  2439 | D:3      | Found a runed translucent gate.
  2532 | D:3      | HP: 13/26 [poisoned by an adder]
  2537 | D:3      | HP: 12/26 [adder (1)]
  2542 | D:3      | HP: 9/26 [poisoned by an adder]
  2550 | D:3      | HP: 8/26 [goblin/sling bullet (2)]
  2632 | D:3      | Reached skill level 6 in Short Blades
  2831 | D:3      | Found a hazy altar of Hepliaklqana.
  2839 | D:3      | Noticed Terence
  2842 | D:3      | Reached XP level 5. HP: 30/30 MP: 5/5
  2843 | D:3      | Killed Terence
  3058 | D:3      | Noticed Ijyb
  3218 | D:3      | Noticed Natasha
  3233 | D:3      | Killed Natasha
  3234 | D:3      | Reached skill level 7 in Short Blades
  3248 | D:3      | Noticed Natasha
  3257 | D:3      | Killed Natasha
  3325 | D:3      | Noticed JobberGirl's ghost (weakling HuBr)
  3326 | D:3      | Found a runed translucent gate.
  3327 | D:3      | Found a runed translucent gate.
  3385 | D:3      | Noticed Jessica
  3389 | D:3      | Killed Jessica
  3390 | D:3      | Reached XP level 6. HP: 35/35 MP: 6/6
  3744 | D:1      | Bought an ichor-stained ring mail for 180 gold pieces
  3744 | D:1      | Identified the +4 ring mail "Hoagopp" {rElec Int+3} (You
                  | bought it in a shop on level 1 of the Dungeon)
  3843 | D:4      | Reached skill level 8 in Short Blades
  3958 | D:4      | Noticed an ogre
  3962 | D:4      | HP: 16/36 [ogre/+0 giant club (20)]
  3980 | D:4      | Killed an ogre
  3981 | D:4      | Reached skill level 3 in Fighting
  3981 | D:4      | Reached skill level 6 in Stealth
  4109 | D:4      | Noticed Grinder
  4235 | D:4      | Noticed Sigmund
  4675 | D:4      | Reached XP level 7. HP: 24/42 MP: 7/7
  4921 | D:5      | Entered Level 5 of the Dungeon
  4960 | D:5      | Reached skill level 4 in Fighting
  4961 | D:5      | HP: 19/43 [orc/+0 mace (6)]
  5239 | D:5      | HP: 22/44 [poisoned by a scorpion]
  5242 | D:5      | HP: 10/44 [poisoned by a scorpion]
  5245 | D:5      | HP: 2/44 [scorpion (3)]
  5253 | D:5      | HP: 22/44 [scorpion (3)]
  5259 | D:5      | Reached skill level 5 in Fighting
  5490 | D:5      | Reached skill level 6 in Fighting
  5497 | D:5      | Noticed a yak
  5650 | D:5      | Noticed Blork the orc
  5654 | D:5      | Killed Blork the orc
  5655 | D:5      | Reached XP level 8. HP: 52/52 MP: 8/8
  5702 | D:5      | Found a broken altar of Ashenzari.
  5842 | D:5      | Noticed a yak
  5843 | D:5      | Noticed a yak
  5858 | D:5      | HP: 25/52 [yak (10)]
  5863 | D:5      | HP: 20/52 [yak (6)]
  5866 | D:5      | Killed a yak
  5867 | D:5      | Reached skill level 7 in Fighting
  5872 | D:5      | Killed a yak
  5873 | D:5      | Reached skill level 8 in Fighting
  5874 | D:5      | HP: 12/54 [yak (7)]
  5901 | D:5      | Killed a yak
  5902 | D:5      | Reached skill level 4 in Throwing
  6048 | D:5      | Found Boidoin's Distillery.
  6053 | D:5      | Bought a potion of degeneration for 12 gold pieces
  6053 | D:5      | Bought a potion of lignification for 36 gold pieces
  6053 | D:5      | Bought a potion of attraction for 36 gold pieces
  6069 | D:5      | Found an opulent altar of Gozag.
  6452 | D:6      | Noticed Duvessa
  6454 | D:6      | Noticed Dowan
  6472 | D:6      | HP: 24/54 [Dowan/+0 dagger (5)]
  6476 | D:6      | Killed Duvessa
  6477 | D:6      | Reached skill level 7 in Stealth
  6477 | D:6      | HP: 5/54 [Dowan/stone arrow (12)]
  6757 | D:6      | Killed Dowan
  6758 | D:6      | Reached skill level 8 in Stealth
  6758 | D:6      | Reached XP level 9. HP: 59/59 MP: 9/9
  6797 | D:6      | Found a staircase to the Ecumenical Temple.
  6809 | Temple   | Entered the Ecumenical Temple
  6870 | Temple   | Became a worshipper of Uskayaw the Reveller
  6912 | D:6      | Reached * piety under Uskayaw
  6916 | D:6      | Reached ** piety under Uskayaw
  7022 | D:6      | Reached skill level 1 in Invocations
  7025 | D:6      | Reached *** piety under Uskayaw
  7083 | D:6      | Noticed a hornet
  7094 | D:6      | Killed a hornet
  7095 | D:6      | Reached skill level 9 in Stealth
  7095 | D:6      | Reached skill level 2 in Invocations
  7146 | D:6      | Identified the +1 pair of boots of Restlessness {rPois rC-
                  | Str+8}
  7266 | D:6      | Reached skill level 3 in Invocations
  7823 | D:7      | Reached skill level 10 in Stealth
  7823 | D:7      | Reached skill level 4 in Invocations
  7839 | D:7      | Reached **** piety under Uskayaw
  8105 | D:7      | Reached skill level 5 in Invocations
  8184 | D:7      | HP: 29/59 [gnoll bouda/+0 club (4)]
  8190 | D:7      | HP: 28/59 [gnoll/+0 spear[a gnoll bouda] (2)]
  8197 | D:7      | HP: 20/59 [gnoll/+0 whip[a gnoll bouda] (3)]
  8199 | D:7      | Reached ***** piety under Uskayaw
  8549 | D:7      | Reached skill level 6 in Invocations
  9150 | D:8      | Found a bloodstained altar of Trog.
  9164 | D:8      | Reached skill level 7 in Invocations
  9164 | D:8      | Reached XP level 10. HP: 64/64 MP: 15/15
  9326 | D:8      | Found a blossoming altar of Fedhas.
  9355 | D:8      | Found a sand-covered staircase.
  9370 | Ossuary  | Entered an ossuary
  9517 | Ossuary  | Reached skill level 8 in Invocations
  9672 | D:8      | Found a glowing golden altar of the Shining One.
  9862 | D:8      | Found a transporter.
  9894 | D:8      | Reached skill level 9 in Invocations
 10675 | D:9      | Reached skill level 10 in Invocations
 10696 | D:9      | Noticed a two-headed ogre
 10698 | D:9      | Killed a two-headed ogre
 10731 | D:9      | Found Vyobei Bosudd's Magic Scroll Shoppe.
 10741 | D:9      | Reached skill level 11 in Invocations
 10798 | D:9      | Bought a scroll of identify for 30 gold pieces
 10798 | D:9      | Bought a scroll of identify for 30 gold pieces
 10798 | D:9      | Bought a scroll of identify for 30 gold pieces
 10798 | D:9      | Bought a scroll of immolation for 60 gold pieces
 10798 | D:9      | Bought a scroll of fog for 60 gold pieces
 10798 | D:9      | Bought a scroll of identify for 30 gold pieces
 10803 | D:9      | Bought a scroll of identify for 30 gold pieces
 10849 | D:9      | Found Zodgh's Armour Emporium.
 10854 | D:9      | Bought a +0 pair of gloves for 54 gold pieces
 10864 | D:9      | Found Kijoh's General Store.
 10898 | D:9      | Noticed a kobold demonologist
 10905 | D:9      | Killed a kobold demonologist
 10906 | D:9      | Reached XP level 11. HP: 68/68 MP: 19/19
 10947 | D:9      | Found a stormy altar of Qazlal.
 10947 | D:9      | Noticed a two-headed ogre
 10951 | D:9      | Killed a two-headed ogre
 10952 | D:9      | Reached skill level 12 in Invocations
 10952 | D:9      | Reached skill level 4 in Dodging
 11031 | D:9      | Found Yjaruing's Jewellery Emporium.
 11106 | D:9      | Found a staircase to the Lair.
 11128 | D:9      | Reached skill level 5 in Dodging
 11168 | D:9      | Reached skill level 6 in Dodging
 11348 | D:9      | Found a transporter.
 11374 | D:9      | Identified the ring of the Crushed Wonders {rElec rF+ rC+
                  | rN+}
 11390 | D:9      | Found a transporter.
 11484 | D:10     | Entered Level 10 of the Dungeon
 11494 | D:10     | Reached skill level 7 in Dodging
 11508 | D:10     | Reached skill level 8 in Dodging
 11712 | D:10     | You fall into a shaft and drop 2 floors!
 11739 | D:12     | Reached skill level 9 in Dodging
 11781 | D:12     | HP: 32/68 [meliai simulacrum (5)]
 11929 | D:12     | Reached skill level 10 in Dodging
 11955 | D:12     | HP: 34/68 [meliai/divine providence (11)]
 11956 | D:12     | Reached ****** piety under Uskayaw
 11958 | D:12     | HP: 16/68 [meliai/+4 hand axe (3)]
 11963 | D:12     | HP: 16/68 [killer bee (3)]
 11968 | D:12     | HP: 15/68 [killer bee (5)]
 12010 | D:12     | Noticed a two-headed ogre
 12032 | D:12     | Reached skill level 11 in Dodging
 12046 | D:12     | Reached XP level 12. HP: 60/73 MP: 21/21
 12326 | D:12     | HP: 33/73 [vampire mosquito (8)]
 12333 | D:12     | HP: 34/73 [centaur (1)]
 12335 | D:12     | Reached skill level 12 in Dodging
 12605 | D:10     | Reached skill level 9 in Fighting
 12648 | D:10     | Found a staircase to the Orcish Mines.
 12713 | D:10     | Reached skill level 10 in Fighting
 12947 | D:10     | Noticed Erolcha
 12950 | D:10     | Killed Erolcha
 12961 | D:10     | Found a shadowy altar of Dithmenos.
 13232 | D:11     | Noticed a two-headed ogre
 13235 | D:11     | Killed a two-headed ogre
 13236 | D:11     | Reached skill level 13 in Invocations
 13419 | D:11     | Found a hide-covered altar of Uskayaw.
 13446 | D:11     | Noticed Josephine
 13483 | D:11     | Noticed a two-headed ogre
 13487 | D:11     | Killed a two-headed ogre
 13630 | D:11     | Noticed a boulder beetle
 13645 | D:11     | Killed a boulder beetle
 13743 | D:11     | HP: 36/72 [Josephine/ghostly fireball (34)]
 13744 | D:11     | Killed Josephine
 13745 | D:11     | Reached skill level 14 in Invocations
 13745 | D:11     | Reached skill level 2 in Evocations
 13745 | D:11     | Reached XP level 13. HP: 32/82 MP: 23/23
 13746 | D:11     | Reached skill level 3 in Evocations
 13749 | D:11     | HP: 31/82 [wraith[Josephine] (8)]
 13850 | Lair:1   | Entered Level 1 of the Lair of Beasts
 13885 | D:9      | Bought a +0 buckler for 54 gold pieces
 14010 | D:3      | Killed Ijyb
 14011 | D:3      | Reached skill level 4 in Evocations
 14069 | D:1      | Bought a glowing hat for 140 gold pieces
 14147 | D:2      | Killed Crazy Yiuf
 14486 | D:3      | Noticed Natasha
 14495 | D:3      | Killed Natasha
 14511 | D:3      | Killed Robin
 14648 | D:3      | Found a burning altar of Makhleb.
 14746 | D:3      | Killed JobberGirl's ghost
 15722 | D:4      | Killed Grinder
 17405 | Lair:1   | Reached skill level 11 in Fighting
 17626 | Lair:2   | Reached skill level 11 in Stealth
 17774 | Lair:2   | Identified a scroll of acquirement
 17950 | Lair:2   | Reached skill level 15 in Invocations
 18639 | Lair:3   | Found a staircase to the Snake Pit.
 18930 | Lair:3   | Reached skill level 12 in Fighting
 18976 | Lair:3   | Reached skill level 12 in Stealth
 19007 | Lair:3   | Found a staircase to the Swamp.
 19529 | Lair:4   | Reached XP level 14. HP: 92/92 MP: 25/25
 19634 | Lair:4   | Found a staircase to the Slime Pits.
 19700 | Lair:4   | Reached skill level 13 in Stealth
 19960 | Lair:4   | Reached skill level 9 in Short Blades
 20196 | Lair:4   | Reached skill level 10 in Short Blades
 20200 | Lair:4   | Reached skill level 14 in Stealth
 20580 | Lair:5   | Entered Level 5 of the Lair of Beasts
 20617 | Lair:5   | Noticed Sonja
 20626 | Lair:5   | Killed Sonja
 20722 | Lair:5   | Reached skill level 11 in Short Blades
 20820 | Lair:5   | Reached skill level 15 in Stealth
 21119 | Lair:5   | Noticed Urug
 21132 | Lair:5   | Killed Urug
 21454 | Lair:5   | Reached skill level 12 in Short Blades
 21537 | Lair:5   | Reached skill level 16 in Stealth
 21563 | Lair:5   | Reached skill level 13 in Short Blades
 21574 | Lair:5   | Reached XP level 15. HP: 96/96 MP: 26/26
 21965 | Orc:1    | Entered Level 1 of the Orcish Mines
 21982 | Orc:1    | Reached skill level 14 in Short Blades
 22084 | Orc:1    | HP: 40/92 [soul eater[an orc sorcerer] (19)]
 22252 | Orc:2    | Entered Level 2 of the Orcish Mines
 22315 | Orc:2    | HP: 34/96 [orc warrior/+0 dire flail (17)]
 22538 | Orc:2    | Found a staircase to the Elven Halls.
 22632 | Orc:2    | Noticed an orc warlord
 22759 | Orc:2    | Reached skill level 16 in Invocations
 22982 | Orc:2    | HP: 46/96 [orc priest/divine providence (11)]
 23212 | Orc:2    | Noticed an orc warlord
 23221 | Orc:2    | Killed an orc warlord
 23222 | Orc:2    | Reached skill level 17 in Invocations
 23234 | Orc:2    | HP: 48/96 [orc warrior/+0 trident[an orc warlord] (15)]
 23236 | Orc:2    | HP: 17/96 [orc warrior/+0 trident[an orc warlord] (12)]
 23342 | Orc:2    | Killed an orc warlord
 23534 | Orc:2    | Found Doleth's Antique Armour Shoppe.
 23534 | Orc:2    | Found Defis's Antique Weapon Emporium.
 23543 | Orc:2    | Found Yrghoaneu's General Store.
 23544 | Orc:2    | Found Ekierim's Book Shoppe.
 23548 | Orc:2    | Bought a scroll of blinking for 97 gold pieces
 23883 | Orc:2    | Bought a heavily runed cloak for 304 gold pieces
 23883 | Orc:2    | Identified the +0 cloak of Freedom {Fly} (You bought it in
                  | a shop on level 2 of the Orcish Mines)
 23885 | Orc:2    | Bought a transparent dagger for 168 gold pieces
 23885 | Orc:2    | Identified the +4 dagger "Nuazxat" {heavy, Contam rElec rF+
                  | Int+4} (You bought it in a shop on level 2 of the Orcish
                  | Mines)
 23895 | Orc:2    | Bought a book of the Warp for 546 gold pieces
 23895 | Orc:2    | Bought a book of Geomancy for 234 gold pieces
 24174 | D:1      | Bought a bronze leather armour for 140 gold pieces
 24174 | D:1      | Identified the +4 leather armour of Sandy Awe {Fly rN+
                  | Int+2} (You bought it in a shop on level 1 of the Dungeon)
 24190 | D:1      | Learned a level 2 spell: Passwall
 24193 | D:1      | Learned a level 2 spell: Blink
 24193 | D:1      | Acquired a manual of Translocations
 24699 | D:12     | Reached skill level 1 in Translocations
 24783 | D:12     | Reached skill level 2 in Translocations
 25113 | D:13     | HP: 45/97 [eight-headed hydra (6)]
 25119 | D:13     | Reached skill level 3 in Translocations
 25291 | D:13     | Found a gate to the Vaults.
 25349 | D:13     | Reached skill level 4 in Translocations
 25442 | D:13     | Reached XP level 16. HP: 103/103 MP: 28/28
 25605 | D:13     | Reached skill level 13 in Dodging
 25611 | D:13     | Noticed a tengu reaver
 25618 | D:13     | Reached skill level 5 in Translocations
 25618 | D:13     | Killed a tengu reaver
 25619 | D:13     | Reached skill level 13 in Fighting
 25991 | D:13     | Acquired the +4 quick blade "Uluad" {freeze, rPois rF+
                  | Will+}
 26127 | D:13     | Reached skill level 6 in Translocations
 26373 | D:13     | Identified the +0 scale mail "Imeawapni" {rF- Str+6}
 26435 | D:14     | HP: 51/104 [boulder beetle (10)]
 26440 | D:14     | HP: 41/104 [boulder beetle (12)]
 26454 | D:14     | HP: 28/104 [boulder beetle (6)]
 26456 | D:14     | HP: 12/104 [boulder beetle (18)]
 26460 | D:14     | Reached skill level 7 in Translocations
 27339 | D:14     | Reached skill level 8 in Translocations
 27480 | D:14     | Reached skill level 14 in Fighting
 27487 | D:14     | Reached skill level 9 in Translocations
 27743 | D:15     | Entered Level 15 of the Dungeon
 27755 | D:15     | Found a shadowy altar of Dithmenos.
 27810 | D:15     | Reached skill level 10 in Translocations
 27818 | D:15     | Found a frozen archway.
 27840 | IceCv    | Entered an ice cave
 27959 | IceCv    | Reached skill level 11 in Translocations
 28042 | IceCv    | Reached skill level 12 in Translocations
 28216 | IceCv    | Reached skill level 1 in Transmutations
 28216 | IceCv    | Reached skill level 1 in Earth Magic
 28292 | IceCv    | HP: 46/106 [ironbound frostheart/creeping frost (38)]
 28295 | IceCv    | HP: 5/106 [ironbound frostheart (23)]
 28300 | IceCv    | Reached skill level 2 in Transmutations
 28398 | IceCv    | Reached skill level 2 in Earth Magic
 28398 | IceCv    | Reached XP level 17. HP: 74/111 MP: 21/29
 28441 | IceCv    | Noticed a shard shrike
 28451 | IceCv    | Learned a level 1 spell: Apportation
 28479 | IceCv    | HP: 40/111 [shard shrike (17)]
 28482 | IceCv    | HP: 15/111 [ironbound frostheart/creeping frost (11)]
 28485 | IceCv    | HP: 2/111 [ironbound frostheart (12)]
 28489 | IceCv    | Killed a shard shrike
 28491 | IceCv    | Reached skill level 3 in Transmutations
 28491 | IceCv    | Reached skill level 3 in Earth Magic
 28493 | IceCv    | Reached skill level 13 in Translocations
 28585 | IceCv    | Identified the +1 mace of Freehold {chaos, rF+}
 28589 | IceCv    | Got the Folio of the Serac
 28886 | D:15     | Identified the +5 chain mail of the Evening {rElec rCorr
                  | MP+9}
 29074 | D:15     | Found a staircase to the Depths.
 29079 | D:15     | Reached skill level 4 in Transmutations
 29079 | D:15     | Reached skill level 4 in Earth Magic
 29410 | D:15     | Found a runed translucent gate.
 29411 | D:15     | Found a runed translucent gate.
 29412 | D:15     | Found a runed translucent gate.
 29709 | D:15     | Noticed Gipsust's ghost (adept DECj)
 29953 | Snake:1  | Entered Level 1 of the Snake Pit
 30033 | Snake:1  | Found Peughong's Assorted Antiques.
 30040 | Snake:1  | Reached skill level 14 in Translocations
 30047 | Snake:1  | Bought a warped golden ring for 220 gold pieces
 30047 | Snake:1  | Identified the ring "Vubelem" {Drain rPois Will+ MP+9
                  | Dex+3} (You bought it in a shop on level 1 of the Snake
                  | Pit)
 30468 | Snake:1  | Learned a level 6 spell: Dispersal
 30566 | Snake:2  | Found Xulem's Jewellery Shoppe.
 30865 | Snake:2  | Identified the +2 spear of Strategic Superiority {flame,
                  | rF- Str+5 SInv}
 30983 | Snake:2  | Found Apabek's Distillery.
 31083 | Snake:2  | Identified the +9 trident of Righteous Fury {flame, rPois
                  | Will+ Int+2 Dex-2}
 31174 | Snake:2  | Reached skill level 5 in Transmutations
 31174 | Snake:2  | Reached skill level 5 in Earth Magic
 32267 | Snake:3  | HP: 50/111 [anaconda[a naga ritualist] (13)]
 32270 | Snake:3  | HP: 21/111 [anaconda[a naga ritualist] (9)]
 32275 | Snake:3  | HP: 45/111 [constriction[a naga ritualist] (1)]
 32279 | Snake:3  | Reached skill level 6 in Transmutations
 32281 | Snake:3  | Reached skill level 6 in Earth Magic
 32330 | Snake:3  | Reached XP level 18. HP: 97/116 MP: 30/30
 32420 | Snake:3  | Identified the +3 falchion of Pandemonium {flame, Dex+3}
 32578 | Snake:3  | Found Latheamn's General Store.
 32953 | Snake:3  | Found Utuiwuxu's Book Boutique.
 32953 | Snake:3  | Found Ublo's Book Boutique.
 32954 | Snake:3  | Found Cyfi Yte's Jewellery Shoppe.
 33081 | Snake:4  | Entered Level 4 of the Snake Pit
 33303 | Snake:4  | Reached skill level 7 in Transmutations
 33303 | Snake:4  | Reached skill level 7 in Earth Magic
 33418 | Snake:4  | Reached skill level 15 in Translocations
 34087 | Snake:4  | Reached skill level 8 in Transmutations
 34087 | Snake:4  | Reached skill level 8 in Earth Magic
 34430 | Snake:4  | HP: 52/116 [naga sharpshooter/arrow (12)]
 34430 | Snake:4  | HP: 24/116 [naga warrior/+0 battleaxe (28)]
 34431 | Snake:4  | HP: 8/116 [naga sharpshooter/arrow (15)]
 34436 | Snake:4  | HP: 5/116 [poisoned by a nagaraja (splash of poison)]
 34645 | Snake:4  | HP: 45/116 [naga warrior/+0 halberd (29)]
 34650 | Snake:4  | HP: 42/116 [poisoned by a naga mage (bolt of poison)]
 34655 | Snake:4  | HP: 56/116 [naga warrior/splash of poison (3)]
 34660 | Snake:4  | HP: 54/116 [constriction (5)]
 34664 | Snake:4  | HP: 20/116 [naga warrior/+0 halberd (24)]
 34670 | Snake:4  | HP: 42/116 [poisoned by a naga warrior (splash of poison)]
 34670 | Snake:4  | HP: 16/116 [naga warrior/+0 halberd (14)]
 34675 | Snake:4  | HP: 9/116 [poisoned by a naga warrior (splash of poison)]
 34799 | Snake:4  | Reached skill level 18 in Invocations
 34859 | Snake:4  | Reached skill level 1 in Armour
 34874 | Snake:4  | HP: 50/116 [naga warrior/+0 mace (13)]
 34879 | Snake:4  | HP: 10/116 [naga warrior/+0 mace (24)]
 34994 | Snake:4  | Reached skill level 2 in Armour
 35156 | Snake:4  | Reached skill level 3 in Armour
 35156 | Snake:4  | HP: 54/117 [salamander tyrant (8)]
 35167 | Snake:4  | Reached XP level 19. HP: 57/122 MP: 32/32
 35491 | Snake:4  | Noticed Louise
 35536 | Snake:4  | HP: 50/123 [naga sharpshooter/arrow (19)]
 35539 | Snake:4  | Killed Louise
 35665 | Snake:4  | Got a serpentine rune of Zot
 36003 | Swamp:1  | Entered Level 1 of the Swamp
 36019 | Swamp:1  | Reached skill level 4 in Armour
 36060 | Swamp:1  | Reached skill level 15 in Fighting
 36531 | Swamp:1  | Reached skill level 5 in Armour
 36805 | Swamp:2  | You are sucked into a shaft and drop 1 floor!
 36808 | Swamp:3  | Identified the ring of the Philosopher {rElec rF+ MP-9
                  | Int+6 Stlth+}
 36949 | Swamp:3  | HP: 47/124 [thorn hunter/volley of thorns (28)]
 36957 | Swamp:3  | HP: 27/124 [thorn hunter (3)]
 36960 | Swamp:3  | Reached skill level 17 in Stealth
 37151 | Swamp:2  | Reached skill level 6 in Armour
 37708 | Swamp:3  | Reached skill level 7 in Armour
 37967 | Swamp:3  | HP: 62/124 [constriction (5)]
 37969 | Swamp:3  | HP: 22/124 [constriction (12)]
 37970 | Swamp:3  | Mangled by a shambling mangrove

Illustrated notes

Levels and vault maps discovered:
D:1:      dpeg_arrival_castle, layout_loops_ring, serial_shops, shop,
          serial_aquarium, aquarium_bridge_straight [aquarium_subvault_bridge,
          aquarium_subvault_balcony, aquarium_subvault_bridge,
          aquarium_subvault_window], aquarium_bridge_long_separate
          [aquarium_subvault_bridge, aquarium_subvault_bridge,
          aquarium_subvault_bridge, aquarium_subvault_bridge,
          aquarium_subvault_bridge, aquarium_subvault_window],
          aquarium_window_1, aquarium_window_fake, aquarium_window_corridor_3,
          aquarium_window_2, aquarium_view_4, aquarium_view_2f, aquarium_pool_2,
          basic_ecumenical_altar, minmay_pentomino_v4
D:2:      layout_basic, uniq_crazy_yiuf_cottage
D:3:      kennysheep_the_goblin_king, layout_loops_ring,
          mainiacjoe_overflow_big_doors, lemuel_crystal_altar,
          gammafunk_ghost_nasty_kobolds, minmay_fractal_squares_5, uniq_natasha,
          uniq_terence, uniq_robin, uniq_jessica
D:4:      layout_cave_pods, nrook_loot_triangle, uniq_grinder, uniq_sigmund
D:5:      layout_gridville, nicolae_gozag_cash_rules_everything_around_me,
          mainiacjoe_overflow_24_doors, serial_shops, nicolae_shop_statue_plus,
          kennysheep_generic_room_10, uniq_blork_the_orc
D:6:      layout_rooms, minmay_temple_entry_waves, serial_rivers,
          chequers_serial_rivers_room_a, chequers_serial_rivers_marsh,
          chequers_serial_rivers_room_a, chequers_serial_rivers_room_a,
          chequers_serial_rivers_room_a, nrook_mini_backslash,
          chequers_serial_rivers_marsh, minmay_chambers_of_fives, uniq_duvessa
D:7:      layout_loops_ring, centaur_isle
D:8:      layout_gridville, lemuel_round_altar, trog_butcher_becter,
          fedhas_bush_and_centaur_altar, enter_ossuary_3, nicolae_diode_basic
D:9:      layout_rooms, lemuel_round_altar, david_lair_generic, serial_shops,
          nicolae_shop_stone, shop, shop, nicolae_shop_drivethru, shop,
          grunt_ministairs_5, chequers_serial_rivers_micro_a
D:10:     layout_basic, mainiacjoe_overflow_boulevard,
          minmay_orc_entry_temple_small, uniq_erolcha
D:11:     layout_irregular_city, nicolae_uskayaw_murder_on_the_dancefloor,
          uniq_josephine
D:12:     layout_roguey [special_room_bee]
D:13:     wad_statue_garden, layout_long_grid, david_vaults_2
D:14:     layout_basic, kennysheep_decorative_pillar
D:15:     grunt_enter_depths_magical_seal, layout_gridville,
          gammafunk_ghost_split, portal_ice_cave_entry_pillars_four,
          nicolae_dithmenos_the_darkroom
Temple:   nicolae_temple_ecumenical_triangle
Lair:1:   layout_roguey
Lair:2:   layout_loops_ring, st_stairs_11, amcnicky_mini_pool_medium
Lair:3:   layout_regular_city, minmay_swamp_entry_reptiles,
          minmay_snake_entry_guardpost_medium, pond
Lair:4:   layout_cave_pods, dpeg_slime_entry_enclosed, lemuel_fruit_fields,
          serial_bayou_shore_a, lemuel_fruit_fields
Lair:5:   evilmike_catoblepas_cave, layout_loops_ring, uniq_sonja, uniq_urug
Swamp:1:  layout_basic_swamp, hangedman_swamp_cone, swamp_pool2, ldierk_geyser
Swamp:2:  layout_falls_marsh, evilmike_swamp_ruin_rubble_2
Swamp:3:  cheibrodos_swamp_tower_of_moss, layout_basic_swamp,
          evilmike_swamp_ruin_house_2, swamp_pool2,
          nicolae_swamp_frolicking_bunyips
Snake:1:  cheibrodos_snake_ritualist_ritual, layout_concentric_octagons,
          serial_shops, shop
Snake:2:  layout_gridlike, serial_corexii_hall, corexii_hall_statues_x,
          chequers_hall_statues_y, corexii_hall_statues_l,
          chequers_hall_statues_wall_a, minmay_shoptagon
Snake:3:  layout_onion_interference, serial_shops, nicolae_take_the_stairs,
          nicolae_snake_gridmaze_entwining, minmay_shop_grove
Snake:4:  snake_pit, layout_chambers, nicolae_large_snake_swirl,
          grunt_megastairs_3, uniq_louise
Orc:1:    layout_caves
Orc:2:    st_orc_congregation, layout_diamond_mine

Skill      XL: |  1  2  3  4  5  6  7  8  9 10 11 12 13 14 15 16 17 18 19 |
---------------+----------------------------------------------------------+-----
Short Blades   | 3 4 5 6 7 8 13 14 | 14.0
Fighting       | 3 6 8 10 12 14 15 | 15.0
Stealth        | 6 8 10 12 16 17 | 17.0
Throwing       | 4 |  4.0
Invocations    | 7 11 12 14 15 17 18 | 18.0
Dodging        | 11 12 13 | 13.0
Evocations     | 2 4 |  4.0
Translocations | 4 12 14 15 | 15.0
Transmutations | 2 6 8 |  8.0
Earth Magic    | 2 6 8 |  8.0
Armour         | 3 7 |  7.6

Action                     |  1- 3 |  4- 6 |  7- 9 | 10-12 | 13-15 | 16-18 | 19-21 || total
---------------------------+-------+-------+-------+-------+-------+-------+-------++-------
  Melee: Dagger            |    49 |   191 |   138 |       |       |       |       ||   378
         Punch             |       |     1 |     5 |     7 |       |       |       ||    13
         Rapier            |       |       |   146 |   471 |  1095 |   960 |   209 ||  2881
         Quick blade       |       |       |       |       |       |   193 |    82 ||   275
  Throw: Dart              |       |     3 |    16 |     6 |     1 |       |       ||    26
         Boomerang         |       |       |     2 |       |       |       |       ||     2
         Throwing net      |       |       |       |       |       |     1 |       ||     1
   Cast: Passwall          |       |       |       |       |       |     2 |       ||     2
 Invoke: Line Pass         |       |       |       |     1 |     3 |     3 |     1 ||     8
         Grand Finale      |       |       |       |     2 |     3 |     5 |     1 ||    11
  Evoke: Wand              |       |       |       |       |     5 |       |       ||     5
         Phial of floods   |       |       |       |       |       |       |     1 ||     1
    Use: Scroll            |     4 |     4 |     5 |    11 |     5 |    12 |       ||    41
         Potion            |       |       |     3 |       |       |     8 |       ||    11
   Stab: Sleeping          |    21 |    15 |    15 |    33 |    65 |    81 |    37 ||   267
         Distracted        |       |     1 |     1 |     1 |    12 |     8 |     3 ||    26
         Paralysed         |       |       |     5 |    33 |    93 |    87 |    16 ||   234
         Confused          |       |       |       |       |     2 |     1 |       ||     3
         Held in net/web   |       |       |       |       |       |     1 |       ||     1
 Armour: Robe              |     2 |    20 |       |       |       |       |       ||    22
         Ring mail         |       |    17 |    64 |   119 |   131 |       |       ||   331
         Leather armour    |       |       |       |       |    22 |   123 |    24 ||   169
  Dodge: Dodged            |     9 |    81 |   111 |   451 |   786 |   654 |   138 ||  2230
  Block: Buckler           |       |       |       |       |   178 |   257 |    46 ||   481

Levels and vault maps discovered:
D:1:      dpeg_arrival_castle, layout_loops_ring, serial_shops, shop,
          serial_aquarium, aquarium_bridge_straight [aquarium_subvault_bridge,
          aquarium_subvault_balcony, aquarium_subvault_bridge,
          aquarium_subvault_window], aquarium_bridge_long_separate
          [aquarium_subvault_bridge, aquarium_subvault_bridge,
          aquarium_subvault_bridge, aquarium_subvault_bridge,
          aquarium_subvault_bridge, aquarium_subvault_window],
          aquarium_window_1, aquarium_window_fake, aquarium_window_corridor_3,
          aquarium_window_2, aquarium_view_4, aquarium_view_2f, aquarium_pool_2,
          basic_ecumenical_altar, minmay_pentomino_v4
D:2:      layout_basic, uniq_crazy_yiuf_cottage
D:3:      kennysheep_the_goblin_king, layout_loops_ring,
          mainiacjoe_overflow_big_doors, lemuel_crystal_altar,
          gammafunk_ghost_nasty_kobolds, minmay_fractal_squares_5, uniq_natasha,
          uniq_terence, uniq_robin, uniq_jessica
D:4:      layout_cave_pods, nrook_loot_triangle, uniq_grinder, uniq_sigmund
D:5:      layout_gridville, nicolae_gozag_cash_rules_everything_around_me,
          mainiacjoe_overflow_24_doors, serial_shops, nicolae_shop_statue_plus,
          kennysheep_generic_room_10, uniq_blork_the_orc
D:6:      layout_rooms, minmay_temple_entry_waves, serial_rivers,
          chequers_serial_rivers_room_a, chequers_serial_rivers_marsh,
          chequers_serial_rivers_room_a, chequers_serial_rivers_room_a,
          chequers_serial_rivers_room_a, nrook_mini_backslash,
          chequers_serial_rivers_marsh, minmay_chambers_of_fives, uniq_duvessa
D:7:      layout_loops_ring, centaur_isle
D:8:      layout_gridville, lemuel_round_altar, trog_butcher_becter,
          fedhas_bush_and_centaur_altar, enter_ossuary_3, nicolae_diode_basic
D:9:      layout_rooms, lemuel_round_altar, david_lair_generic, serial_shops,
          nicolae_shop_stone, shop, shop, nicolae_shop_drivethru, shop,
          grunt_ministairs_5, chequers_serial_rivers_micro_a
D:10:     layout_basic, mainiacjoe_overflow_boulevard,
          minmay_orc_entry_temple_small, uniq_erolcha
D:11:     layout_irregular_city, nicolae_uskayaw_murder_on_the_dancefloor,
          uniq_josephine
D:12:     layout_roguey [special_room_bee]
D:13:     wad_statue_garden, layout_long_grid, david_vaults_2
D:14:     layout_basic, kennysheep_decorative_pillar
D:15:     grunt_enter_depths_magical_seal, layout_gridville,
          gammafunk_ghost_split, portal_ice_cave_entry_pillars_four,
          nicolae_dithmenos_the_darkroom
Temple:   nicolae_temple_ecumenical_triangle
Lair:1:   layout_roguey
Lair:2:   layout_loops_ring, st_stairs_11, amcnicky_mini_pool_medium
Lair:3:   layout_regular_city, minmay_swamp_entry_reptiles,
          minmay_snake_entry_guardpost_medium, pond
Lair:4:   layout_cave_pods, dpeg_slime_entry_enclosed, lemuel_fruit_fields,
          serial_bayou_shore_a, lemuel_fruit_fields
Lair:5:   evilmike_catoblepas_cave, layout_loops_ring, uniq_sonja, uniq_urug
Swamp:1:  layout_basic_swamp, hangedman_swamp_cone, swamp_pool2, ldierk_geyser
Swamp:2:  layout_falls_marsh, evilmike_swamp_ruin_rubble_2
Swamp:3:  cheibrodos_swamp_tower_of_moss, layout_basic_swamp,
          evilmike_swamp_ruin_house_2, swamp_pool2,
          nicolae_swamp_frolicking_bunyips
Snake:1:  cheibrodos_snake_ritualist_ritual, layout_concentric_octagons,
          serial_shops, shop
Snake:2:  layout_gridlike, serial_corexii_hall, corexii_hall_statues_x,
          chequers_hall_statues_y, corexii_hall_statues_l,
          chequers_hall_statues_wall_a, minmay_shoptagon
Snake:3:  layout_onion_interference, serial_shops, nicolae_take_the_stairs,
          nicolae_snake_gridmaze_entwining, minmay_shop_grove
Snake:4:  snake_pit, layout_chambers, nicolae_large_snake_swirl,
          grunt_megastairs_3, uniq_louise
Orc:1:    layout_caves
Orc:2:    st_orc_congregation, layout_diamond_mine

Table legend: (Time is in decaauts)
 A = Elapsed time spent in this place.
 B = Non-inter-level travel time spent in this place.
 C = Inter-level travel time spent in this place.
 D = Time resting spent in this place.
 E = Time spent auto-exploring this place.
 F = Levels seen in this place.
 G = Mean time per level.
                   A        B        C        D        E       F      G
               +--------+--------+--------+--------+--------+-----+--------+
         Total |  36722 |  33889 |   2833 |   1675 |  25432 |  32 | 1147.6 |
       Dungeon |  20841 |  18884 |   1957 |   1042 |  14095 |  15 | 1389.4 |
        Temple |     67 |     67 |      0 |      0 |     42 |   1 |   67.0 |
          Lair |   5186 |   4900 |    286 |      0 |   4063 |   5 | 1037.2 |
         Swamp |   1845 |   1791 |     54 |     88 |   1377 |   3 |  615.0 |
     Snake Pit |   5742 |   5363 |    379 |    272 |   4184 |   4 | 1435.5 |
  Orcish Mines |   1843 |   1688 |    155 |     37 |   1153 |   2 |  921.5 |
       Ossuary |    290 |    290 |      0 |     10 |    133 |   1 |  290.0 |
      Ice Cave |    905 |    905 |      0 |    226 |    385 |   1 |  905.0 |
               +--------+--------+--------+--------+--------+-----+--------+

Top non-repeatable levels by time:
     D:4: 3228 daAuts
 Snake:4: 2553 daAuts
     D:3: 1682 daAuts
     D:5: 1679 daAuts
 Snake:3: 1676 daAuts
   Orc:2: 1388 daAuts
     D:8: 1378 daAuts
     D:2: 1368 daAuts
     D:1: 1353 daAuts
     D:7: 1322 daAuts
    D:13: 1313 daAuts
     D:6: 1285 daAuts
    D:14: 1236 daAuts
    D:12: 1217 daAuts
  Lair:5: 1208 daAuts

Table legend:
 A = Kills in this place as a percentage of kills in the entire game.
 B = Kills by you in this place as a percentage of kills by you in the entire game.
 C = Kills by friends in this place as a percentage of kills by friends in the entire game.
 D = Other kills in this place as a percentage of other kills in the entire game.
 E = Experience gained in this place as a percentage of experience gained in the entire game.
 F = Experience gained in this place divided by the number of levels of this place that you have seen.
                   A       B       C       D       E      F
               +-------+-------+-------+-------+-------+----------------------
         Total | 100.0 | 100.0 |   N/A | 100.0 | 100.0 | 9887.2
       Dungeon |  40.3 |  40.3 |   N/A |  50.0 |  24.1 | 5086.6
          Lair |  13.9 |  13.9 |   N/A |   0.0 |  14.8 | 9362.2
         Swamp |   6.3 |   6.3 |   N/A |   0.0 |  13.8 | 14567.7
     Snake Pit |  17.2 |  17.3 |   N/A |   0.0 |  31.0 | 24489.2
  Orcish Mines |  15.0 |  14.9 |   N/A |  50.0 |   7.4 | 11675.5
       Ossuary |   2.5 |   2.5 |   N/A |   0.0 |   0.1 | 257.0
      Ice Cave |   4.8 |   4.8 |   N/A |   0.0 |   8.9 | 28014.0
               +-------+-------+-------+-------+-------+----------------------
